Cogmind - Beta 15 @@@ ROGUE MODE // 2025.10.17 @ 16:19:07 Player: the Result: Destroyed by as-63964 with Assembled Blade Performance ------------- Evolutions (0) 0 Regions Visited (2) 400 Robots Destroyed (24) 120 Value Destroyed (338) 338 Prototype IDs (3) 60 Alien Tech Used (0) 0 Bonus (0) 0 TOTAL SCORE: 918 Bonus ------- None Cogmind --------- Core Integrity 0/250 Matter 293/300 Energy 156/265 System Corruption 0% Temperature Warm (190) Movement Treading (320) Ox2 Location -10/Mines Parts ------- > --- POWER (1) -------- Improved Ion Engine > --- PROPULSION (2) --- Light Treads > --- UTILITY (2) ------ Disposable Heat Sink High-capacity Storage Unit > --- WEAPON (2) ------- Medium Laser Medium Laser > --- INVENTORY (20) --- Light Nuclear Core Aluminum Leg Aluminum Leg Aluminum Leg Aluminum Leg Disposable Heat Sink Disposable Heat Sink Large Storage Unit Seismic Detector Light Armor Plating Light Armor Plating Medium Laser Assault Rifle Mining Laser Peak State ------------ > --- POWER ------------ Improved Ion Engine > --- PROPULSION ------- Light Treads Light Treads > --- UTILITY ---------- Disposable Heat Sink High-capacity Storage Unit > --- WEAPON ----------- Medium Laser Beam Cannon > --- INVENTORY -------- Improved Ion Engine Light Nuclear Core Light Treads Light Treads Aluminum Leg Aluminum Leg Aluminum Leg Aluminum Leg Disposable Heat Sink Disposable Heat Sink Disposable Heat Sink Large Storage Unit Seismic Detector Light Armor Plating Light Armor Plating Medium Laser Medium Laser Medium Laser Assault Rifle Mining Laser [Rating: 11] Favorites ----------- Power Improved Ion Engine Engine Improved Ion Engine Propulsion Light Treads Treads Light Treads Leg Aluminum Leg Utility Seismic Detector Device Seismic Detector Storage High-capacity Storage Unit Protection Light Armor Plating Weapon Medium Laser Energy Gun Medium Laser Energy Cannon Beam Cannon Special Weapon Mining Laser Build | -11 -10 -10 ------- Run | Yrd Mat Min Slots Evolved . | . . . Power . | . . . Propulsion . | . . . Utility . | . . . Weapon . | . . . Parts Attached 23 | 7 11 5 Power 4 | 1 2 1 Engine 4 | 1 2 1 Core . | . . . Reactor . | . . . Propulsion 6 | 2 4 . Treads 4 | . 4 . Leg 2 | 2 . . Wheel . | . . . Hover . | . . . Flight . | . . . Utility 7 | 2 2 3 Device 3 | 1 . 2 Storage 3 | 1 2 . Processor . | . . . Hackware . | . . . Protection 1 | . . 1 Artifact . | . . . Weapon 6 | 2 3 1 Energy Gun 4 | 2 2 . Energy Cannon 1 | . . 1 Ballistic Gun . | . . . Ballistic Cannon . | . . . Launcher . | . . . Special Weapon 1 | . 1 . Impact Weapon . | . . . Slashing Weapon . | . . . Piercing Weapon . | . . . Special Melee Weapon . | . . . Unidentified Prototypes . | . . . Parts Lost 7 | . . 7 Power 1 | . . 1 Propulsion 3 | . . 3 Utility 1 | . . 1 Weapon 2 | . . 2 Highest Loss Streak 7 | . . 7 To Critical Strikes . | . . . Average Backups 13 | . 14 18 Power 1 | . 1 1 Propulsion 4 | . 4 5 Utility 4 | . 4 6 Weapon 3 | . 3 4 Tool/Special . | . . . Unused Backups 15 | . 7 8 Power 2 | . 1 1 Propulsion 5 | . 3 2 Utility 5 | . 2 3 Weapon 3 | . 1 2 Tool/Special . | . . . Average Slot Usage (%) 99 | . 99 98 Engine 14 | . 14 14 Treads 24 | . 24 26 Leg 2 | . 2 . Device 13 | . 14 10 Storage 14 | . 14 14 Energy Gun 24 | . 24 15 Special Weapon 3 | . 3 . Peak Build Rating 11 | 7 10 11 Average Rating 8 | 5 8 10 On Entrance 5 | . 7 10 Naked Turns . | . . . Heaviest Build 55 | 12 52 55 Greatest Support 40 | 20 40 40 Greatest Overweight (x) 1 | . 1 1 Average Overweight (x) . | . . 1 Largest Inventory Capacity 20 | 8 20 20 Average Capacity 15 | 5 16 20 Most Carried 20 | 6 20 20 Average Carried 13 | 1 14 18 Final Capacity 20 | 8 20 20 Final Carried 20 | 6 20 14 Class Distribution -------------------- 100% | Mutant Dominant Class ---------------- Mutant | -10/Materials Mutant | -10/Mines Resources | -11 -10 -10 ----------- Run | Yrd Mat Min Matter Collected 480 | 270 132 78 Remotely . | . . . Salvage Created 963 | 228 490 245 Parts 45 | 13 30 2 Haulers Intercepted 2 | . 2 . Recyclers Shooed 1 | 1 . . Parts Field Recycled . | . . . Retrieved Matter . | . . . Parts Self-Destructed . | . . . Prevented . | . . . Kills | -11 -10 -10 ------- Run | Yrd Mat Min Combat Hostiles Destroyed 24 | . 9 15 Guns 15 | . 9 6 Cannons 9 | . . 9 Classes Destroyed 8 | 3 4 1 Worker 2 | 1 1 . Tunneler 6 | 6 . . Hauler 2 | . 2 . Recycler 2 | 1 1 . Watcher 2 | . 2 . Swarmer 5 | . 5 . Grunt 5 | . 4 1 Assembled 14 | . . 14 Best Kill Streak 15 | 3 5 15 Combat Bots Only 15 | . 4 15 Max Kills in Single Turn 2 | 1 1 2 Gunslinging . | . . . Exploded . | . . . Melee . | . . . Uniques/NPCs Destroyed . | . . . Combat | -11 -10 -10 -------- Run | Yrd Mat Min Hostile Shots Fired 104 | . 36 68 Missed 22 | . 11 11 Hits 82 | . 25 57 Melee 16 | . . 16 Projectile 66 | . 25 41 Damage Taken 1338 | . 313 1025 Core 250 | . 74 176 Absorbed by Shields . | . . . Regen/Repaired (Parts) 73 | . 73 . Core Remaining (%) 100 | 100 . . Volleys Fired 127 | 30 58 39 Largest 2 | 2 2 2 Hottest 110 | 90 100 110 Shots Fired 241 | 60 103 78 Gun 194 | 60 94 40 Cannon 38 | . . 38 Launcher . | . . . Special 9 | . 9 . Kinetic . | . . . Thermal 241 | 60 103 78 Explosive . | . . . Electromagnetic . | . . . Robot Hit Streak 13 | 5 13 6 Robot Miss Streak 5 | 5 5 2 Penetration Max . | . . . Secondary Targets 2 | . 2 . Max Gunslinging Chain 1 | . 1 . Shots Hit Robots 137 | 34 55 48 Core Hits 64 | 9 24 31 Critical Kills . | . . . Critical Parts Destroyed . | . . . Critical Strikes 8 | 1 4 3 Burn 8 | 1 4 3 Melee Attacks . | . . . Impact . | . . . Slashing . | . . . Piercing . | . . . Sneak Attacks . | . . . Combat Hostiles . | . . . Follow-up Attacks . | . . . Damage Inflicted 1849 | 391 665 793 Guns 1398 | 391 658 349 Cannons 444 | . . 444 Explosions . | . . . Melee . | . . . Ramming 7 | . 7 . Kinetic . | . . . Thermal 1842 | 391 658 793 Explosive . | . . . Electromagnetic . | . . . Impact . | . . . Slashing . | . . . Piercing . | . . . Highest Corruption . | . . . Average Corruption . | . . . Corruption Purged . | . . . Corruption Blocked . | . . . Overload Shots . | . . . Overflow Damage . | . . . Projectiles . | . . . Explosions . | . . . Melee . | . . . Knockbacks . | . . . Impact . | . . . Kinetic . | . . . Secondary . | . . . Self-Inflicted Damage . | . . . Shots . | . . . Rammed 2 | . 2 . Targets Rammed 2 | . 2 . Kicked . | . . . Crushed . | . . . Highest Temperature 295 | 180 295 203 Average Temperature 90 | 61 70 153 Received Heat Transfer 350 | . 114 236 Siege Activations . | . . . Martial Activations . | . . . Shielding Activations . | . . . Robots Disrupted . | . . . Combat Hostiles . | . . . Robots Corrupted . | . . . Combat Hostiles . | . . . Parts Fried . | . . . Impact Corruptions . | . . . Robots Melted . | . . . Combat Hostiles . | . . . Parts Melted 4 | 1 3 . Heat Transferred 5389 | 1115 2091 2183 Parts Sabotaged . | . . . Parts Stolen . | . . . Parts Stripped . | . . . Power Chain Reactions . | . . . Alert | -11 -10 -10 ------- Run | Yrd Mat Min Maximum Alert Level . | . . . Low Security (%) 100 | 100 100 100 Level 1 . | . . . Level 2 . | . . . Level 3 . | . . . Level 4 . | . . . Level 5 . | . . . High Security . | . . . Max Security . | . . . Peak Influence 87 | 10 87 20 Initial . | . . . Average 10 | 1 12 1 Influence Increases 331 | 40 271 20 Destroy 0b10 Robot/C 200 | . 180 20 Destroy 0b10 Robot/NC 70 | 40 30 . Destroy Leader 38 | . 38 . Successful Hack 14 | . 14 . Destroy Structure 9 | . 9 . Influence Decreases 331 | 40 271 20 Time Decay 331 | 40 271 20 Squads Dispatched . | . . . Investigation . | . . . Extermination . | . . . Reinforcement . | . . . Assault . | . . . Garrison . | . . . Intercept . | . . . Searches Triggered . | . . . Construction Impeded . | . . . Haulers Reinforced . | . . . Active Scanning Responses . | . . . Cargo Convoy Interrupts . | . . . Stealth | -11 -10 -10 --------- Run | Yrd Mat Min Distress Signals . | . . . Communications Jammed . | . . . Distress Signals . | . . . Times Spotted 43 | . 15 28 Peak Tracking Total 18 | . 3 18 Tactical Retreats 2 | . . 2 Traps | -11 -10 -10 ------- Run | Yrd Mat Min Traps Triggered 1 | . 1 . Indirectly . | . . . Trap Hack Attempts . | . . . Triggered . | . . . Disarmed . | . . . Reprogrammed . | . . . Reused . | . . . Traps Extracted . | . . . Installed . | . . . Triggered . | . . . Machines | -11 -10 -10 ---------- Run | Yrd Mat Min Machines Disabled . | . . . Max in Single Turn . | . . . Machines Repaired . | . . . Machines Dismantled . | . . . Machines Sabotaged . | . . . Overloaded Fab Kills . | . . . Hacking | -11 -10 -10 --------- Run | Yrd Mat Min Machines Accessed 10 | . 10 . Terminals 8 | . 8 . Fabricators . | . . . Repair Stations 1 | . 1 . Recycling Units 1 | . 1 . Scanalyzers . | . . . Garrison Access . | . . . Total Hacks 24 | . 24 . Successful 8 | . 8 . Failed 15 | . 15 . Catastrophic 4 | . 4 . Database Lockouts 1 | . 1 . Manual 11 | . 11 . Terminals 20 | . 20 . Fabricators . | . . . Repair Stations 3 | . 3 . Recycling Units 1 | . 1 . Scanalyzers . | . . . Garrison Access . | . . . Terminal Hacks 6 | . 6 . Robot Analysis 2 | . 2 . Prototype ID Bank 2 | . 2 . Branch Access Points 1 | . 1 . Hauler Manifests 1 | . 1 . Fabricator Hacks . | . . . Repair Station Hacks 2 | . 2 . Scan Component 1 | . 1 . Repair 1 | . 1 . Recycling Unit Hacks . | . . . Scanalyzer . | . . . Garrison Access Hacks . | . . . Unauthorized Hacks . | . . . Terminals . | . . . Fabricators . | . . . Repair Stations . | . . . Recycling Units . | . . . Scanalyzers . | . . . Garrison Access . | . . . Data Cores Recovered . | . . . Used . | . . . Hacking Detections 9 | . 9 . Full Trace Events . | . . . Feedback Events . | . . . Feedback Blocked . | . . . Robot Schematics Acquired . | . . . Robots Built . | . . . Authchips . | . . . Time . | . . . Total Robot Build Rating . | . . . Part Schematics Acquired . | . . . Parts Built . | . . . Authchips . | . . . Time . | . . . Total Part Build Rating . | . . . Parts Repaired 1 | . 1 . Time 26 | . 26 . Parts Recycled . | . . . Recycled Matter . | . . . Retrieved Matter . | . . . Retrieved Components . | . . . Parts Scanalyzed . | . . . Part Schematics Acquired . | . . . Parts Damaged . | . . . Bothacking | -11 -10 -10 ------------ Run | Yrd Mat Min Used RIF Installer . | . . . Robots Hacked . | . . . Non-combat . | . . . Combat . | . . . Robot Hacks Applied . | . . . Relay Couplers Released . | . . . Fabnet Peak Effective % . | . . . Robots Rewired . | . . . Allies Hacked . | . . . Hacks Repelled . | . . . Allies | -11 -10 -10 -------- Run | Yrd Mat Min Total Allies . | . . . Largest Group . | . . . Highest-Rated Group . | . . . Highest-Rated Ally . | . . . Total Orders . | . . . Ally Attacks . | . . . Total Damage . | . . . Kills . | . . . Allies Corrupted . | . . . Allies Melted . | . . . Intel | -11 -10 -10 ------- Run | Yrd Mat Min Active Infowar (turns) 2229 | 166 2063 . Seismic 2229 | 166 2063 . Robot Analysis Total 2 | . 2 . Derelict Logs Recovered . | . . . Drone Launches . | . . . Drone Recoveries . | . . . Exploration | -11 -10 -10 ------------- Run | Yrd Mat Min Turns Passed 2456 | 250 2063 143 Spaces Moved 1090 | 121 963 6 Core 5 | 5 . . Treads 796 | . 790 6 Legs 289 | 116 173 . Wheels . | . . . Hover . | . . . Flight . | . . . Fastest Speed 50 | 50 120 240 Average Speed 176 | 117 183 240 Slowest Speed 240 | 120 240 240 Overloaded Moves . | . . . Propulsion Burnouts . | . . . Robots Hopped . | . . . Potential Cave-ins . | . . . Cave-ins Triggered . | . . . Exploration Rate (%) 35 | 5 98 3 Regions Visited 2 Branch Regions 1 Pre-discovered Areas . | . . . Known Exits Taken 1 | . 1 . Unknown Exits Taken 1 | 1 . . Scrap Searched . | . . . Spaces Dug 7 | . 7 . Terrain Destroyed 9 | . 9 . Melee . | . . . Projectile 9 | . 9 . AOE . | . . . Terrain Rammed . | . . . Walls Destroyed . | . . . Machines Disabled . | . . . Actions | -11 -10 -10 --------- Run | Yrd Mat Min Total 1353 | 166 1132 55 Wait 67 | 3 63 1 Move 1088 | 120 962 6 Hop . | . . . Pick Up 27 | 6 21 . Fast Attach 7 | 7 . . Attach 7 | . 1 6 Detach . | . . . Swap 17 | . 14 3 Drop 11 | . 11 . Fire 127 | 30 58 39 Melee . | . . . Ram . | . . . Kick . | . . . Crush 2 | . 2 . Escape Stasis . | . . . Rewire . | . . . Trap . | . . . Miscellaneous . | . . . Route ------- -11/Scrapyard -10/Materials (discovered 4 exits: [*Mat x3] / *Min) -10/Mines History --------- Turn | Location | Event 5 | -11/Scrapyard | Discovered new exit (range 15) 251 | -11/Scrapyard | Entered Materials 252 | -10/Materials | Met a group of wandering Federalists 309 | -10/Materials | Build established: Mutant 378 | -10/Materials | Discovered new exit (range 16) 723 | -10/Materials | Discovered new exit (range 8) 1061 | -10/Materials | Discovered new exit (range 8) 1267 | -10/Materials | Identified exit to Mines 1321 | -10/Materials | Central database locked down 1827 | -10/Materials | Discovered new exit (range 4) 2031 | -10/Materials | Repaired Lgt. Treads 2314 | -10/Materials | Entered Mines 2315 | -10/Mines | Assembled infested the area 2399 | -10/Mines | Core integrity fell below 50% 2449 | -10/Mines | Core integrity fell below 20% 2457 | -10/Mines | Destroyed by as-63964 with Assembled Blade Last Messages --------------- 02388_ as-59429 destroyed. 02390_ Med. Laser destroyed. 02398_ as-81829 destroyed. 02398_ as-30790 destroyed. 02404_ as-01534 destroyed. 02416_ as-11640 destroyed. 02420_ Imp. Ion Engine destroyed. 02421_ as-05996 suffers critical hit (Burn). 02424_ as-05996 destroyed. 02425_ Acquired 16 matter. 02430_ as-35740 destroyed. 02431_ Acquired 4 matter. 02436_ as-00017 suffers critical hit (Burn). 02440_ Lgt. Treads destroyed. 02443_ Disposable Heat Sink destroyed. 02446_ Acquired 7 matter. 02450_ as-00017 destroyed. 02451_ Acquired 13 matter. 02452_ Beam Cannon destroyed. 02454_ Acquired 3 matter. Map ----- +----------------------------------------------------+ | | | | | ?????????????????????????????????????????????????? | | ?????????????????????????????????????????????????? | | ?????????????????????????????????????????????????? | | ?????????????????????????????????????????????????? | | ?????????????????????????????????????????????????? | | ?????????????????????????????????????????????????? | | ?????????????????????????????????????????????????? | | ?????????????????????????????????????????????????? | | ?????????????????????????????????????????????????? | | ?????????????????????????????????????????????????? | | ?????????????????????????????????????????????????? | | ?????????????????????????????????????????????????? | | ?????????????????????????????????????????????????? | | ?????????????????????????????????????????????????? | | ?????????????????????????????????????????????????? | | ?????????????????????????????????????????????????? | | ?????????????????????????????????????????????????? | | ?????????????????????#######?????????????????????? | | ?????????????????????# #?????????????????????? | | ?????????????????????# #?????????????????????? | | ?????????????????????# #?????????????????????? | | ?????????????????????# #?????????????????????? | | ?????????????????????# =!! #?????????????????????? | | ?????????????????????# %=@=#?????????????????????? | | ?????????????????????####a##?????????????????????? | | ????????????????????????#a#??????????????????????? | | ????????????????????????#a#??????????????????????? | | ????????????????????????#a#??????????????????????? | | ????????????????????????# #??????????????????????? | | ????????????????????????# #??????????????????????? | | ????????????????????????# #??????????????????????? | | ????????????????????????# #??????????????????????? | | ????????????????????????? ??????????????????????? | | ????????????????????????? ??????????????????????? | | ????????????????????????? ??????????????????????? | | ????????????????????????? ??????????????????????? | | ????????????????????????? ???????????????????????? | | ?????????????????????????#???????????????????????? | | ?????????????????????????????????????????????????? | | ?????????????????????????????????????????????????? | | ?????????????????????????????????????????????????? | | ?????????????????????????????????????????????????? | | ?????????????????????????????????????????????????? | | ?????????????????????????????????????????????????? | | ?????????????????????????????????????????????????? | | ?????????????????????????????????????????????????? | | ?????????????????????????????????????????????????? | | ?????????????????????????????????????????????????? | +----------------------------------------------------+ Best States ------------- Heat Dissipation 25 Coolant Potential 50 Energy Generation 12 Energy Capacity 265 Matter Stores 300 Matter Capacity 300 Sight Range 16 Terrain Scan Density 10 Armor Coverage 150 Evasion (%) 55 Recoil Reduction 2 Item Schematics ----------------- None Robot Schematics ------------------ None Fabricated ------------ Nothing Repaired ---------- Lgt. Treads | 47% | -10/Materials Alien Tech Used ----------------- None Achievements -------------- None Challenges ------------ None Game ------ Seed KineticRiotReactor Manual? 0 Play Time 00:17:53 Cumulative 357.7 hours Start 2025.10.17 @ 15:51:16 End 2025.10.17 @ 16:19:07 Sessions 1 Manual Loads 0 Difficulty Rogue Special Mode None Game No. 239 Rogue 239 Adventurer 0 Explorer 0 Win Type - Total 4 Types 3/0/1/0/0/0/0/0/0/0 Lore% 77 Gallery% 78 Achievement% 69 Wizard Run 0 Options --------- Layout 1 ASCII 0 Keyboard 0 Movement Numpad Keybinds 0 Fullscreen 1 Font 24/Smallcaps Map View 50x40 Zoom Use 0% Tactical HUD 1 Map Filters NONE Filters NONE Steam 1 RUN: 8fd7098d-6da1-41dd-8a42-8c65b10cd336